 Dungeon Crawl Stone Soup version 0.29-a0-317-gd16b76e6b1 (webtiles) character file.

Game seed: 17695124579659499171

2 Dabor the Vexing (level 1, 0/19 HPs)
             Began as an Ogre Arcane Marksman on Mar 31, 2022.
             Slain by a quokka (1 damage)
             ... on level 1 of the Dungeon.
             The game lasted 00:00:23 (46 turns).

Dabor the Vexing (Ogre Arcane Marksman)               Turns: 46, Time: 00:00:23

Health: 0/19       AC:  3    Str: 13    XL:     1   Next: 40%
Magic:  2/2        EV:  9    Int: 14    God:
Gold:   0          SH:  0    Dex:  9    Spells: 1/2 levels left

rFire   . . .      SeeInvis .   e - +0 war axe
rCold   . . .      Faith    .   (no shield)
rNeg    . . .      Spirit   .   b - +0 robe
rPois   .          Reflect  .   (helmet restricted)
rElec   .          Harm     .   (no cloak)
rCorr   .          Rampage  .   (gloves unavailable)
Will    .....                   (boots unavailable)
Stlth   +.........              (no amulet)
HPRegen 0.06/turn               (no ring)
MPRegen 0.08/turn               (no ring)

@: no status effects
A: large, unfitting armour, tough skin 1
a: no special abilities


You were on level 1 of the Dungeon.
You visited 1 branch of the dungeon, and saw 1 of its levels.

Inventory:

Hand Weapons
 a - a +0 hunting sling
 e - a +0 war axe (weapon)
Armour
 b - a +0 robe (worn)
Scrolls
 c - a scroll of vulnerability
Potions
 d - a potion of curing {unknown}


   Skills:
 + Level 1.5 Fighting
 - Level 1.3(1.4) Slings
 + Level 0.1(1.1) Throwing
 + Level 1.8 Dodging
 + Level 1.3 Spellcasting
 + Level 2.7 Hexes


You had one spell level left.
You knew the following spells:

 Your Spells              Type           Power      Damage    Failure   Level
a - Slow                  Hex            32%        N/A       9%          1

Your spell library contained the following spells:

 Spells                   Type           Power      Damage    Failure   Level
 Inner Flame              Hex/Fire       4%         N/A       41%         3
 Portal Projectile        Hex/Tloc       8%         N/A       41%         3
 Cause Fear               Hex            4%         N/A       63%         4


Dungeon Overview and Level Annotations

Branches:
Dungeon (1/15)

Altars:


Innate Abilities, Weirdness & Mutations

You are too large for most types of armour.
You have tough skin. (AC +1)


Message History

The sling bullet closely misses the quokka.
The quokka bites you but does no damage.
The quokka closely misses you.
You shoot a sling bullet.
The sling bullet barely misses the quokka.
The quokka bites you.
The quokka bites you but does no damage.
You shoot a sling bullet.
The sling bullet closely misses the quokka.
The quokka misses you.
You shoot a sling bullet.
The sling bullet closely misses the quokka.
The quokka bites you. The quokka misses you.
You shoot a sling bullet.
The sling bullet closely misses the quokka.
The quokka closely misses you.
The quokka bites you but does no damage.
You shoot a sling bullet.
The sling bullet closely misses the quokka.
The quokka bites you but does no damage.
You shoot a sling bullet.
The sling bullet barely misses the quokka.
The quokka barely misses you. x2
You shoot a sling bullet. The sling bullet misses the quokka.
The quokka completely misses you. The quokka bites you.
You shoot a sling bullet. The sling bullet misses the quokka.
The quokka closely misses you. The quokka bites you.
You are too injured to fight recklessly!
You are too injured to fight recklessly!
You are too injured to fight recklessly!
You are too injured to fight recklessly!
e - a +0 war axe (weapon)
You barely miss the quokka. The quokka bites you.
* * * LOW HITPOINT WARNING * * *
The quokka closely misses you.
You closely miss the quokka. The quokka completely misses you.
The quokka bites you.
* * * LOW HITPOINT WARNING * * *
You closely miss the quokka. The quokka bites you.
You die...

##### #...# #...#
####+###### #...+
+.....>...# #...#
#......<..#
#...#####.........#
#.@................
#r###P..#########.#
#. #P.P......... .#
#.#.P♣PP..###### ##
#.#..♣.P..#
#.P♣♣♣P...# #..
♣♣♣..# ## ♣.[.#
♣P...#


You could see a quokka.

Vanquished Creatures
  A dart slug (D:1)
1 creature vanquished.

Notes
Turn   | Place    | Note
-------+----------+-------------------------------------------
     0 | D:1      | Dabor the Ogre Arcane Marksman began the quest for the Orb.
     0 | D:1      | Reached XP level 1. HP: 19/19 MP: 2/2
    46 | D:1      | Slain by a quokka

Illustrated notes

Levels and vault maps discovered:
D:1:      dpeg_arrival_connections, layout_loops_ring,
          shapermc_ecumenical_altar_gd, serial_forest,
          infiniplex_forest_clump_curved, infiniplex_forest_end_1,
          infiniplex_forest_straight_4, infiniplex_forest_clump_long,
          infiniplex_forest_lined_4_way, infiniplex_forest_fountain,
          infiniplex_forest_lined_room_

Action                   || total
-------------------------++-------
Melee: War axe           ||     3
 Fire: Hunting sling     ||    15
Armor: Robe              ||     5
Dodge: Dodged            ||    13

Table legend: (Time is in decaauts)
 A = Elapsed time spent in this place.
 B = Non-inter-level travel time spent in this place.
 C = Inter-level travel time spent in this place.
 D = Time resting spent in this place.
 E = Time spent auto-exploring this place.
 F = Levels seen in this place.
 G = Mean time per level.
                   A        B        C        D        E       F      G
               +--------+--------+--------+--------+--------+-----+--------+
         Total |     52 |     52 |      0 |      0 |     15 |   1 |   52.0 |
       Dungeon |     52 |     52 |      0 |      0 |     15 |   1 |   52.0 |
               +--------+--------+--------+--------+--------+-----+--------+

Top non-repeatable levels by time:
     D:1: 52 daAuts
